 Dungeon Crawl Stone Soup version 0.23.0-3-gf3c87f2df8 (webtiles) character file.

Game seed: 18288028642743662654

90421 Forgol the Bludgeoner (level 16, -9/103 HPs)
             Began as a Gargoyle Fighter on Feb 22, 2019.
             Was the Champion of Cheibriados.
             Killed from afar by a deep elf sorcerer (35 damage)
             ... with a bolt of acid
             ... on level 1 of the Elven Halls.
             The game lasted 00:59:37 (21932 turns).

Forgol the Bludgeoner (Gargoyle Fighter)           Turns: 21932, Time: 00:59:38

Health: -9/103     AC: 45    Str: 52    XL:     16   Next: 0%
Magic:  15/25      EV:  9    Int: 25    God:    Cheibriados [******]
Gold:   1456       SH: 21    Dex: 24    Spells: 15/15 levels left

rFire    . . .     SeeInvis +   N - +2 flail (protect)
rCold    . . .     Gourm    .   c - +0 shield
rNeg     + + +     Faith    .   r - +1 plate armour
rPois    ∞         Spirit   .   d - +2 helmet
rElec    +         Reflect  +   E - +1 cloak {MR+}
rCorr    .         Harm     .   p - +0 pair of gloves
MR       ++...                  V - +0 pair of boots (curse)
Stlth    ..........             P - +4 amulet of reflection
HPRegen  0.27/turn              g - +6 ring of strength
MPRegen  0.19/turn              k - ring of Truth {*Corrode rN+++ Str+5 SInv}

@: protection aura, flying, studying Maces & Flails, very slow
A: big wings, negative energy resistance 1, electricity resistance, unbreathing,
petrification resistance, rot immunity, AC +12
a: Stop Flying, Bend Time, Temporal Distortion, Slouch, Step From Time, Renounce
Religion


You were on level 1 of the Elven Halls.
You worshipped Cheibriados.
Cheibriados was exalted by your worship.
You were not hungry.

You visited 5 branches of the dungeon, and saw 25 of its levels.

You collected 2309 gold pieces.
You spent 853 gold pieces at shops.

Inventory:

Hand Weapons
 H - a +1 morningstar of flaming
 K - the +7 Singing Sword {slice, sonic wave}
   (You found it on level 1 of the Lair of Beasts)

   It inflicts extra damage upon your enemies.
 N - a +2 flail of protection (weapon)
 X - the +6 dire flail "Ukutt" {elec, rC++ Str+4}
   (You found it on level 6 of the Lair of Beasts)

   Occasionally, upon striking a foe, it will discharge some electrical energy
   and cause terrible harm.
   It affects your strength (+4).
   It greatly protects you from cold.
Missiles
 L - 6 silver javelins (quivered)
Armour
 c - a +0 shield (worn)
 d - a +2 helmet (worn)
 p - a +0 pair of gloves (worn)
 r - a +1 plate armour (worn)
 E - a +1 cloak of magic resistance (worn)
 M - a scarf of spirit shield
 V - a cursed +0 pair of boots (worn)
Jewellery
 e - a cursed -2 ring of intelligence {unknown}
 g - a +6 ring of strength (left hand)
 i - a +2 ring of evasion
 k - the ring of Truth (right hand) {*Corrode rN+++ Str+5 SInv}
   (You bought it in a shop on level 2 of the Orcish Mines)

   [ring of see invisible]

   It affects your strength (+5).
   It renders you almost immune to negative energy.
   It lets you see invisible.
   It may corrode you when you take damage.
 y - an uncursed amulet of regeneration
 I - an uncursed amulet of magic regeneration
 O - a +4 ring of dexterity
 P - a +4 amulet of reflection (around neck)
 S - an uncursed ring of fire
 T - an uncursed ring of resist corrosion
 Y - an uncursed amulet of faith
 Z - a +5 ring of protection
Wands
 s - a wand of clouds (3)
 u - a wand of iceblast (31)
 z - a wand of polymorph (7)
 B - a wand of acid (18)
 C - a wand of flame (18)
 G - a wand of enslavement (8)
 R - a wand of paralysis (13)
Scrolls
 a - a scroll of magic mapping
 j - 4 scrolls of fog
 n - 2 scrolls of identify
 o - 3 scrolls of amnesia
 t - 5 scrolls of teleportation
 w - 13 scrolls of remove curse
 F - 2 scrolls of blinking
 J - 2 scrolls of fear
 U - a scroll of vulnerability {unknown}
Potions
 h - 7 potions of mutation
 l - a potion of resistance
 m - 3 potions of cancellation
 q - 6 potions of lignification
 v - 2 potions of ambrosia
 x - a potion of heal wounds
 A - a potion of might
 D - 2 potions of brilliance
 Q - 3 potions of curing
Books
 W - a manual of Maces & Flails
Miscellaneous
 b - a lightning rod (4/4)
Comestibles
 f - 35 rations


   Skills:
 + Level 12.8 Fighting
 * Level 17.3 Maces & Flails
 + Level 12.9 Armour
 + Level 12.8 Shields
 + Level 12.7 Invocations


You had 15 spell levels left.
You didn't know any spells.
Your spell library contained the following spells:

 Spells                   Type           Power        Failure   Level  Hunger
 Animate Skeleton         Necr           N/A          47%         1    ##.....
 Apportation              Tloc           #.....       47%         1    ##.....
 Confusing Touch          Hex            #.....       47%         1    ##.....
 Corona                   Hex            #......      47%         1    ##.....
 Summon Small Mammal      Summ           #...         47%         1    ##.....
 Slow                     Hex            #.......     63%         2    ###....
 Confuse                  Hex            #.......     85%         3    ####...
 Gell's Gravitas          Tloc           #.........   85%         3    ####...
 Inner Flame              Hex/Fire       #.......     85%         3    ####...
 Portal Projectile        Hex/Tloc       #.....       85%         3    ####...
 Cause Fear               Hex            #.........   99%         4    #####..
 Leda's Liquefaction      Hex/Erth       #.........   99%         4    #####..
 Petrify                  Tmut/Erth      #.......     99%         4    #####..
 Irradiate                Conj/Tmut      #.........   100%        5    ######.
 Metabolic Englaciation   Hex/Ice        #.........   100%        5    ######.
 Yara's Violent Unravell  Hex/Tmut       #.........   100%        5    ######.
 Hydra Form               Tmut           #.........   100%        6    #######
 Dragon Form              Tmut           #.........   100%        7    #######
 Statue Form              Tmut/Erth      Unusable     N/A         6    N/A

Dungeon Overview and Level Annotations

Branches:
Dungeon (15/15)            Temple (0/1) D:4            Lair (6/6) D:10
 Spider (1/4) Lair:3        Slime (0/5) Lair:6          Orc (2/2) D:12
    Elf (1/3) Orc:2        Vaults (0/5) D:14         Depths (0/5) D:15
  Swamp: Lair:2-4    Shoals: Lair:2-4

Altars:
Cheibriados
Elyvilon
Gozag
Hepliaklqana
Makhleb
Nemelex Xobeh
Qazlal
Wu Jian
Xom
Zin
Beogh
Jiyva

Shops:
D:4 }   D:8 ?   D:9 [   Orc:2 =[%?

Annotations:
D:10 exclusion: oklob plant
D:12 3 runed translucent doors, guttsta's ghost, novice GnWn
Lair:3 exclusion: oklob plant
Lair:4 3 runed translucent doors, Odimp's ghost, journeyman KoWn


Innate Abilities, Weirdness & Mutations

You are resistant to torment.
Your stone body is resilient. (AC +12)
You are immune to poison.
Your large and strong wings let you fly indefinitely.
You resist negative energy. (rN+)
You are resistant to electric shocks. (rElec)
You can survive without breathing.
You are immune to petrification.
You are immune to rotting.


Message History

You block the deep elf sorcerer's attack.
You bludgeon the deep elf sorcerer!!
The deep elf sorcerer is moderately wounded.
The deep elf mage points at you and mumbles some strange words.
The bolt of lightning hits you. You resist.
* * * LOW HITPOINT WARNING * * *
You block the deep elf sorcerer's attack.
You hit the deep elf sorcerer.
The deep elf sorcerer is moderately wounded.
The deep elf mage casts a spell.
The deep elf mage blinks!
You sock the deep elf sorcerer!
The deep elf sorcerer is heavily wounded.
You block the deep elf sorcerer's attack.
The deep elf mage shouts!
You hit the deep elf sorcerer.
The deep elf sorcerer is heavily wounded.
The deep elf sorcerer gestures at you while chanting.
The bolt of acid hits you!!
You die...

'#...##### .
.e.......
............
#'#'#'#(...#
#.#.#.# e..#
############).#
#.........e.))#
#.............#
#......)@e....#
#.<......§....#
#.............#
############..#
#.#.#.# ...#
#'#'#'# ...#
....... ....
............e
##+######


You could see a deep elf sorcerer and 2 deep elf magi.

Vanquished Creatures
  Rupert (Lair:6)
  Frances (D:13)
  Kirke (Lair:6)
  2 orc warlords
  Snorg (Lair:4)
  A deep elf death mage (Elf:1)
  A centaur warrior (D:13)
  3 catoblepae (Lair:6)
  4 hydras
  11 death yaks (Lair:6)
  4 two-headed ogres
  A vampire mage (D:15)
  Urug (D:13)
  2 deep elf knights (Elf:1)
  Sonja (Orc:2)
  A wizard (D:13)
  A deep elf archer (D:14)
  2 skeletal warriors (D:15)
  4 ugly things
  4 orc knights
  A necromancer (D:15)
  An orc sorcerer (Orc:2)
  2 wolf spiders
  10 deep elf magi
  6 manticores
  Maurice (D:8)
  Psyche (D:11)
  A torpor snail (Lair:3)
  A kobold demonologist (D:14)
  A yaktaur zombie (D:15)
  8 spiny frogs
  3 yaktaurs (D:14)
  7 komodo dragons
  A tengu conjurer (D:13)
  2 efreet
  8 trolls
  A jumping spider (Lair:3)
  2 polar bears (Lair:6)
  A fire dragon zombie (D:15)
  An ice dragon zombie (D:15)
  11 hippogriffs
  6 slime creatures
  9 blink frogs
  A deep troll zombie (D:15)
  6 dream sheep (Lair:5)
  Sigmund (D:4)
  2 shadows
  Eustachio (D:4)
  A wraith (D:10)
  10 wyverns
  6 redbacks
  A human (D:14)
  35 yaks
  A hog (Lair:6)
  2 basilisks
  2 steam dragons
  A hungry ghost (D:9)
  Menkaure (D:5)
  2 vampire mosquitoes (D:15)
  6 wargs
  2 acid dragons
  A soldier ant (D:14)
  16 water moccasins
  7 porcupines
  Duvessa (D:6)
  A swamp drake (Lair:2)
  41 orc warriors
  4 sky beasts
  3 phantoms
  2 ice beasts
  3 black bears (D:10)
  12 ogres
  6 boggarts
  14 centaurs
  24 crocodiles
  4 big kobolds
  27 bullfrogs
  Dowan (D:6)
  A wyvern skeleton (D:11)
  9 scorpions
  A hornet simulacrum (D:15)
  17 killer bees
  4 electric eels
  18 wights
  2 howler monkeys (D:8)
  6 jellies
  4 crimson imps
  6 centaur zombies
  A bullfrog zombie (D:10)
  9 hounds
  23 orc priests
  A bullfrog skeleton (D:9)
  6 centaur skeletons
  27 orc wizards
  4 iguanas
  4 hell rats (Lair:3)
  9 worker ants
  A hound skeleton (D:5)
  Robin (D:2)
  A worker ant zombie (D:5)
  7 gnolls
  A river rat (Lair:6)
  13 adders
  3 shadow imps
  An ooze (D:3)
  3 dart slugs
  8 leopard geckos
  82 orcs
  2 bats
  4 giant cockroaches
  9 hobgoblins
  15 jackals
  4 quokkas
  3 ball pythons
  12 frilled lizards
  18 goblins
  10 kobolds
  A leopard gecko skeleton (D:4)
  A leopard gecko zombie (D:9)
  5 rats
  A butterfly (D:4)
738 creatures vanquished.

Vanquished Creatures (others)
  3 cyclopes
  2 yaktaurs (D:14)
  2 humans (Lair:6)
  5 orc warriors (Orc:2)
  An ogre (Orc:2)
  9 centaurs
  An iguana (Lair:2)
  A leopard gecko (Lair:2)
  4 orcs (Orc:2)
  A frilled lizard (Lair:2)
  11 fungi
  12 plants
  4 withered plants (D:15)
56 creatures vanquished.

Grand Total: 794 creatures vanquished

Notes
Turn   | Place    | Note
-------+----------+-------------------------------------------
     0 | D:1      | Forgol the Gargoyle Fighter began the quest for the Orb.
     0 | D:1      | Reached XP level 1. HP: 14/14 MP: 1/1
   195 | D:1      | You fall through a shaft!
   212 | D:2      | Reached XP level 2. HP: 15/19 MP: 2/2
   287 | D:2      | Noticed Robin
   313 | D:2      | Killed Robin
   313 | D:2      | Reached XP level 3. HP: 11/23 MP: 3/3
   629 | D:2      | Reached skill level 3 in Maces & Flails
   701 | D:1      | Reached XP level 4. HP: 29/29 MP: 4/4
  2190 | D:3      | Found a shimmering altar of Xom.
  2192 | D:3      | Found a shimmering altar of Xom.
  2192 | D:3      | Found a shattered altar of Ashenzari.
  2194 | D:3      | Found a bloodstained altar of Trog.
  2194 | D:3      | Found an opulent altar of Gozag.
  2194 | D:3      | Found a hide-covered altar of Uskayaw.
  2466 | D:3      | Found a glowing silver altar of Zin.
  2470 | D:3      | Reached XP level 5. HP: 32/33 MP: 5/5
  2488 | D:3      | Found a snail-covered altar of Cheibriados.
  2519 | D:3      | Became a worshipper of Cheibriados the Contemplative
  2732 | D:4      | Found a sparkling altar of Nemelex Xobeh.
  2752 | D:4      | Noticed Sigmund
  2767 | D:4      | Killed Sigmund
  2767 | D:4      | Reached skill level 4 in Maces & Flails
  2767 | D:4      | Reached XP level 6. HP: 38/39 MP: 5/7
  2781 | D:4      | Found a staircase to the Ecumenical Temple.
  2875 | D:4      | Found Emuvedua's Gadget Emporium.
  2883 | D:4      | Noticed Eustachio
  2902 | D:4      | Killed Eustachio
  2902 | D:4      | Reached XP level 7. HP: 14/44 MP: 7/9
  3195 | D:4      | Reached skill level 5 in Maces & Flails
  3348 | D:4      | Reached skill level 5 in Fighting
  3348 | D:4      | Reached skill level 5 in Armour
  3348 | D:4      | Reached skill level 5 in Shields
  3551 | D:4      | Found an opulent altar of Gozag.
  3773 | D:5      | Entered Level 5 of the Dungeon
  3792 | D:5      | Found a white marble altar of Elyvilon.
  3801 | D:5      | Noticed Menkaure
  3956 | D:4      | Reached XP level 8. HP: 42/49 MP: 11/11
  3966 | D:4      | Reached * piety under Cheibriados
  4022 | D:5      | Killed Menkaure
  4251 | D:5      | Found an ornate altar of the Wu Jian Council.
  4818 | D:6      | Reached skill level 5 in Invocations
  4848 | D:6      | Reached skill level 6 in Maces & Flails
  4849 | D:6      | Reached ** piety under Cheibriados
  4926 | D:6      | Noticed Duvessa
  4939 | D:6      | Killed Duvessa
  4944 | D:6      | Noticed Dowan
  4975 | D:6      | Killed Dowan
  5234 | D:6      | Reached XP level 9. HP: 55/55 MP: 13/13
  5262 | D:6      | Found a stormy altar of Qazlal.
  5865 | D:7      | Reached skill level 7 in Maces & Flails
  6504 | D:8      | Reached *** piety under Cheibriados
  6631 | D:8      | Reached XP level 10. HP: 45/61 MP: 15/15
  6672 | D:8      | Reached skill level 8 in Maces & Flails
  6700 | D:8      | Noticed Maurice
  6714 | D:8      | Found Ticouxto's Magic Scroll Shoppe.
  6865 | D:8      | Killed Maurice
  7140 | D:9      | Noticed a two-headed ogre
  7160 | D:8      | Reached **** piety under Cheibriados
  7181 | D:8      | Killed a two-headed ogre
  7404 | D:9      | Reached skill level 9 in Maces & Flails
  7662 | D:9      | Reached XP level 11. HP: 68/68 MP: 17/17
  7700 | D:9      | Found a hazy altar of Hepliaklqana.
  7799 | D:9      | Found Nocaiv's Armour Boutique.
  7807 | D:9      | Bought a +1 cloak of magic resistance for 231 gold pieces
  7966 | D:10     | Entered Level 10 of the Dungeon
  7972 | D:10     | Noticed a manticore
  7976 | D:10     | Reached ***** piety under Cheibriados
  7982 | D:10     | Killed a manticore
  8142 | D:10     | Found a burning altar of Makhleb.
  8143 | D:10     | Noticed an oklob plant
  8197 | D:10     | Reached skill level 10 in Maces & Flails
  8322 | D:10     | Found a staircase to the Lair.
  8538 | D:10     | Noticed a purple ugly thing
  8553 | D:10     | Killed a purple ugly thing
  9239 | Lair:1   | Entered Level 1 of the Lair of Beasts
  9341 | Lair:1   | Reached ****** piety under Cheibriados
  9371 | Lair:1   | Found the +7 Singing Sword {slice, sonic wave}
  9501 | Lair:1   | Found a gate leading to a gauntlet.
  9546 | Lair:1   | Reached XP level 12. HP: 76/76 MP: 18/18
  9709 | Lair:1   | Reached skill level 11 in Maces & Flails
  9883 | Lair:1   | Identified a scroll of acquirement
 10862 | Lair:3   | Found a hole to the Spider Nest.
 11474 | Lair:4   | Found a runed translucent gate.
 11474 | Lair:4   | Found a runed translucent gate.
 11475 | Lair:4   | Found a runed translucent gate.
 11479 | Lair:4   | Noticed a minotaur
 11593 | Lair:4   | Noticed Odimp's ghost (journeyman KoWn)
 11622 | Lair:4   | Noticed Snorg
 11632 | Lair:4   | Killed Snorg
 11865 | Lair:4   | Reached skill level 12 in Maces & Flails
 12319 | Lair:5   | Noticed a four-headed hydra
 12327 | Lair:5   | Killed a four-headed hydra
 12327 | Lair:5   | Reached skill level 10 in Armour
 12327 | Lair:5   | Reached skill level 10 in Shields
 12327 | Lair:5   | Reached skill level 10 in Invocations
 12617 | Lair:5   | Reached skill level 10 in Fighting
 12665 | Lair:5   | Noticed a seven-headed hydra
 12672 | Lair:5   | Killed a seven-headed hydra
 12672 | Lair:5   | Reached XP level 13. HP: 45/82 MP: 20/20
 13490 | Lair:6   | Entered Level 6 of the Lair of Beasts
 13490 | Lair:6   | Found a staircase to the Slime Pits.
 13490 | Lair:6   | Found a viscous altar of Jiyva.
 13637 | Lair:6   | Noticed Rupert
 13654 | Lair:6   | Killed Rupert
 13815 | Lair:6   | Reached skill level 13 in Maces & Flails
 13830 | Lair:6   | Noticed Kirke
 13846 | Lair:6   | Killed Kirke
 14353 | Lair:6   | Gained mutation: Your large and strong wings let you fly
                  | indefinitely. [Gargoyle growth]
 14353 | Lair:6   | Reached XP level 14. HP: 87/90 MP: 22/22
 14574 | Lair:6   | Got a fine dire flail
 14837 | Lair:6   | Identified the +6 dire flail "Ukutt" {elec, rC++ Str+4}
                  | (You found it on level 6 of the Lair of Beasts)
 15309 | D:11     | Noticed Psyche
 15317 | D:11     | Killed Psyche
 15317 | D:11     | Reached skill level 14 in Maces & Flails
 15619 | D:12     | Found a runed translucent gate.
 15619 | D:12     | Found a runed translucent gate.
 15619 | D:12     | Noticed guttsta's ghost (novice GnWn)
 15620 | D:12     | Found a runed translucent gate.
 15763 | D:12     | Found a staircase to the Orcish Mines.
 16068 | D:12     | You are sucked into a shaft for 3 floors!
 16068 | D:15     | Entered Level 15 of the Dungeon
 16068 | D:15     | Found a staircase to the Depths.
 16550 | D:15     | Found a viscous altar of Jiyva.
 16913 | Orc:1    | Entered Level 1 of the Orcish Mines
 16913 | Orc:1    | Noticed an orc warlord
 16931 | Orc:1    | Killed an orc warlord
 17201 | Orc:1    | Found a roughly hewn altar of Beogh.
 17605 | Orc:2    | Entered Level 2 of the Orcish Mines
 17605 | Orc:2    | Noticed Sonja
 17617 | Orc:2    | Killed Sonja
 17617 | Orc:2    | Reached skill level 15 in Maces & Flails
 17654 | Orc:2    | Found a staircase to the Elven Halls.
 17761 | Orc:2    | Found Opeonugu's Food Boutique.
 17761 | Orc:2    | Found Cibiseid's Armour Shoppe.
 17761 | Orc:2    | Found Cacs's Jewellery Emporium.
 17808 | Orc:2    | Found Kocwofaw's Magic Scroll Shop.
 17991 | Orc:2    | Bought the ring of Truth {*Corrode rN+++ Str+5 SInv} for
                  | 622 gold pieces
 18012 | Orc:2    | Reached XP level 15. HP: 96/96 MP: 23/23
 18166 | Orc:2    | Noticed an orc warlord
 18187 | Orc:2    | Killed an orc warlord
 19131 | D:13     | Reached skill level 16 in Maces & Flails
 19285 | D:13     | Noticed Frances
 19301 | D:13     | Killed Frances
 19479 | D:13     | Noticed Urug
 19490 | D:13     | Killed Urug
 20420 | D:14     | Found a gate to the Vaults.
 21024 | D:15     | Reached skill level 17 in Maces & Flails
 21281 | Spider:1 | Entered Level 1 of the Spider Nest
 21853 | Elf:1    | Entered Level 1 of the Elven Halls
 21891 | Elf:1    | Noticed a deep elf sorcerer
 21926 | Elf:1    | Reached XP level 16. HP: 30/103 MP: 14/25
 21932 | Elf:1    | Killed from afar by a deep elf sorcerer

Skill      XL: |  1  2  3  4  5  6  7  8  9 10 11 12 13 14 15 |
---------------+----------------------------------------------+-----
Maces & Flails | 3 4 5 6 7 9 10 12 13 15 17 | 17.3
Fighting       | 4 5 6 7 9 10 11 12 | 12.8
Armour         | 4 5 6 8 9 10 11 12 | 12.9
Shields        | 4 5 6 7 9 10 11 12 | 12.8
Invocations    | 2 4 5 6 8 9 10 11 12 | 12.7

Action                   |  1- 3 |  4- 6 |  7- 9 | 10-12 | 13-15 | 16-18 || total
-------------------------+-------+-------+-------+-------+-------+-------++-------
Melee: Flail             |    86 |   118 |   461 |   506 |   354 |     6 ||  1531
       Whip              |       |    73 |     7 |       |       |       ||    80
       Morningstar       |       |       |       |   279 |   771 |       ||  1050
       Dire flail        |       |       |       |       |     8 |       ||     8
Throw: Stone             |       |     4 |       |       |       |       ||     4
Invok: Bend Time         |       |       |     1 |     1 |       |       ||     2
       Temporal Distorti |       |       |       |     1 |     3 |       ||     4
       Slouch            |       |       |       |       |    16 |       ||    16
       Step From Time    |       |       |       |       |     1 |       ||     1
 Abil: Fly               |       |       |       |       |     1 |       ||     1
Evoke: Wand              |       |       |       |       |     1 |       ||     1
  Use: Potion            |     1 |       |     1 |       |     6 |       ||     8
       Scroll            |     2 |    14 |     9 |     8 |    10 |       ||    43
 Stab: Confused          |       |       |       |     5 |       |       ||     5
  Eat: Chunk             |       |     7 |     6 |     7 |    19 |       ||    39
       Ration            |       |       |     1 |     2 |     1 |       ||     4
Armor: Scale mail        |    48 |    74 |       |       |       |       ||   122
       Plate armour      |       |     1 |   281 |   478 |   545 |       ||  1305
Dodge: Dodged            |    32 |    64 |   139 |   267 |   274 |     1 ||   777
Block: Shield            |    55 |   114 |   341 |   747 |  1255 |     6 ||  2518
       Reflection        |       |       |       |       |   126 |       ||   126
